 Dungeon Crawl Stone Soup version 0.31-a0-1202-ga8fea8b373 (webtiles) character file.

Game seed: 8864368575928602175

622 trollop the Ruffian (level 7, -1/67 HPs)
             Began as a Troll Fighter on Dec 12, 2023.
             Was an Initiate of Gozag.
             Slain by an orc warrior
             ... wielding a +0 halberd
              (14 damage)
             ... on level 5 of the Dungeon.
             The game lasted 00:15:30 (3284 turns).

trollop the Ruffian (Troll Fighter)                 Turns: 3284, Time: 00:15:31

Health: -1/67      AC:  4    Str: 25    XL:     7   Next: 22%
Magic:  0/6        EV: 10    Int:  6    God:    Gozag
Gold:   216        SH:  0    Dex:  9    Spells: 6/6 levels left

rFire   . .          .
                       - Unarmed
rCold   . . .        (no shield)
rNeg    . . .        a - +0 robe
rPois   .            (helmet restricted)
rElec   .            (no cloak)
rCorr   .            (gloves unavailable)
SInv    .            (boots unavailable)
Will    .....        j - amulet of guardian spirit
Stlth   +            (no ring)
HPRegen 1.11/turn    (no ring)
MPRegen 0.10/turn

%: guardian spirit
@: gold aura
A: large, unfitting armour, claws 3, regeneration 1, shaggy fur 1, tough skin 1
a: Renounce Religion, Potion Petition, Call Merchant, Bribe Branch


You were on level 5 of the Dungeon.
You worshipped Gozag.
Gozag was aware of your devotion.
You visited 2 branches of the dungeon, and saw 6 of its levels.

You collected 262 gold pieces.
You paid 46 gold pieces to Gozag.

Inventory:

Hand Weapons
 d - the +3 spear "Cojed" {holy, rC+}
   (You found it on level 2 of the Dungeon)

   rC+:       It protects you from cold.
Missiles
 e - 47 stones
 o - 6 boomerangs
 t - 4 javelins
Armour
 a - a +0 robe (worn)
 b - a +0 kite shield
Jewellery
 j - an amulet of guardian spirit (around neck)
Wands
 r - a wand of flame (30)
 s - a wand of digging (3)
Scrolls
 k - a scroll of brand weapon {unknown}
 l - a scroll of immolation
 m - 2 scrolls of fear {unknown}
 p - a scroll of poison {unknown}
 q - a scroll of teleportation {unknown}
Potions
 c - 3 potions of might
 f - a potion of enlightenment {unknown}
 g - a potion of haste {unknown}
 h - a potion of mutation
 i - 3 potions of curing {unknown}
 n - 3 potions of lignification {unknown}


   Skills:
 * Level 3.4 Fighting
 * Level 3.8 Dodging
 * Level 1.2 Stealth
 + Level 2.9 Shields
 * Level 5.9 Unarmed Combat


You had 6 spell levels left.
You didn't know any spells.
Your spell library contained the following spells:

 Spells                   Type           Power      Damage    Failure   Level
 Sandblast                Erth           0%         2d4       45%         1
 Passwall                 Tmut/Erth      0%         N/A       58%         2
 Call Canine Familiar     Summ           0%         N/A       83%         3
 Sigil of Binding         Hex            0%         N/A       83%         3
 Stone Arrow              Conj/Erth      0%         3d7       83%         3
 Brom's Barrelling Bould  Conj/Erth      0%         2d3       99%         4
 Dimensional Bullseye     Hex/Tloc       0%         N/A       99%         4
 Leda's Liquefaction      Hex/Erth       0%         N/A       99%         4


Dungeon Overview and Level Annotations

Branches:
Dungeon (5/15)             Temple (1/1) D:4

Altars:
Ashenzari
Cheibriados
Dithmenos
Elyvilon
Gozag
Hepliaklqana
Kikubaaqudgha
Makhleb
Ru
Sif Muna
Uskayaw
Vehumet
Yredelemnul
Zin
The Shining One

Shops:
D:2 =


Innate Abilities, Weirdness & Mutations

You are too large for most types of armour.
You have claws for hands.
Your natural rate of healing is unusually fast.
You are covered in fur. (AC +1)
You have tough skin. (AC +1)


Message History

The orc warrior hits you from afar with a +0 halberd.
You barely miss the orc priest.
The orc priest is lightly wounded.
The orc priest closely misses you.
The orc warrior hits you from afar with a +0 halberd.
You barely miss the orc priest.
The orc priest is lightly wounded.
The orc priest mumbles some strange prayers to Beogh against you.
Beogh smites you!
The orc warrior hits you from afar with a +0 halberd.
You scratch the orc priest but do no damage.
The orc priest is lightly wounded.
The orc priest closely misses you.
The orc warrior hits you but does no damage.
You barely miss the orc priest.
The orc priest is lightly wounded.
You claw the orc priest!
You kill the orc priest!
The orc warrior barely misses you.
The orc warrior hits you with a +0 halberd!
Things that are here:
5 gold pieces; a +0 whip You scratch the orc warrior.
The orc warrior is lightly wounded.
The orc warrior hits you with a +0 halberd.
You scratch the orc warrior.
The orc warrior is lightly wounded.
The orc warrior hits you with a +0 halberd.
You barely miss the orc warrior.
The orc warrior is lightly wounded.
The orc warrior hits you with a +0 halberd!
You scratch the orc warrior.
The orc warrior is moderately wounded.
The orc warrior hits you with a +0 halberd!!
* * * LOW HITPOINT WARNING * * *
You claw the orc warrior!
The orc warrior is severely wounded.
The orc warrior hits you with a +0 halberd!
You die...
Your body crumbles into a pile of gold.

##.........
.......
+....######
......#
#.>..#
.......
####.#
.###.#. #.#
......< #.#
.##.#.. #.#
#.#..
#.#########
#....
#.....@o{.#
#####
#########.#
######
#...))
#.#### #.#
#.# #.#


You could see an orc warrior.

Vanquished Creatures
  An ogre (D:4)
  A phantom (D:4)
  A jelly (D:4)
  3 hounds
  An orc priest (D:5)
  Terence (D:3)
  4 iguanas
  Robin (D:3)
  7 adders
  A shadow imp (D:5)
  A worm (D:2)
  3 dart slugs
  7 orcs
  6 ball pythons
  2 endoplasms
  3 giant cockroaches (D:1)
  13 goblins
  10 hobgoblins
  2 jackals (D:1)
  8 kobolds
  4 quokkas
  5 bats
  A frilled lizard (D:1)
  6 rats
92 creatures vanquished.

Notes
Turn   | Place    | Note
-------+----------+-------------------------------------------
     0 | D:1      | trollop the Troll Fighter began the quest for the Orb.
     0 | D:1      | Reached XP level 1. HP: 22/22 MP: 0/0
   417 | D:1      | Reached XP level 2. HP: 29/29 MP: 1/1
   855 | D:2      | Reached XP level 3. HP: 12/36 MP: 2/2
   909 | D:2      | Identified the +3 spear "Cojed" {holy, rC+}
  1321 | D:2      | Found Ijow's Jewellery Shop.
  1542 | D:3      | Noticed Robin
  1557 | D:3      | Killed Robin
  1558 | D:3      | Reached XP level 4. HP: 31/44 MP: 3/3
  1559 | D:3      | Reached skill level 3 in Unarmed Combat
  1674 | D:3      | Noticed Terence
  1686 | D:3      | Killed Terence
  1751 | D:3      | Reached XP level 5. HP: 51/53 MP: 4/4
  1825 | D:3      | Found a faded altar of an unknown god.
  1978 | D:4      | Found a radiant altar of Vehumet.
  2028 | D:4      | Found a shimmering blue altar of Sif Muna.
  2056 | D:4      | Reached skill level 4 in Unarmed Combat
  2087 | D:4      | Found a sacrificial altar of Ru.
  2087 | D:4      | Found a shadowy altar of Dithmenos.
  2193 | D:4      | Noticed a phantom
  2202 | D:4      | Killed a phantom
  2203 | D:4      | Reached XP level 6. HP: 58/61 MP: 5/5
  2406 | D:4      | Reached skill level 1 in Stealth
  2468 | D:4      | Found a staircase to the Ecumenical Temple.
  2477 | Temple   | Entered the Ecumenical Temple
  2523 | Temple   | Became a worshipper of Gozag Ym Sagoz the Greedy
  2638 | D:4      | Reached skill level 5 in Unarmed Combat
  2942 | D:5      | Entered Level 5 of the Dungeon
  3157 | D:5      | Reached XP level 7. HP: 59/67 MP: 4/6
  3284 | D:5      | Slain by an orc warrior

Illustrated notes

Levels and vault maps discovered:
D:1:      wander_arrival_desolate, layout_loops_corners
D:2:      layout_loops_ring, serial_shops, nicolae_shop_crystal
D:3:      layout_rooms, ebering_ecumenical_altar_hall, uniq_terence, uniq_robin
D:4:      layout_basic, mainiacjoe_overflow_chevrons, vehumet_altar_wand_db,
          jmf_multi_god_temple, minmay_temple_entry_fiery,
          chequers_serial_rivers_micro_e, minmay_misc_feat_secret_circle
D:5:      layout_basic
Temple:   minmay_temple_curvy_loop

Skill      XL: |  1  2  3  4  5  6 |
---------------+-------------------+-----
Dodging        | 3 |  3.8
Unarmed Combat | 3 4 5 |  5.9
Fighting       | 3 |  3.4
Stealth        | 1 |  1.2
Shields        | |  2.9

Action                     |  1- 3 |  4- 6 |  7- 9 || total
---------------------------+-------+-------+-------++-------
  Melee: Unarmed           |   100 |   135 |    24 ||   259
         Punch             |     2 |     3 |       ||     5
    Use: Scroll            |     3 |       |       ||     3
   Stab: Sleeping          |     2 |     1 |       ||     3
 Armour: Robe              |    68 |    73 |    16 ||   157
  Dodge: Dodged            |    54 |    51 |    10 ||   115

Table legend: (Time is in decaauts)
 A = Elapsed time spent in this place.
 B = Non-inter-level travel time spent in this place.
 C = Inter-level travel time spent in this place.
 D = Time resting spent in this place.
 E = Time spent auto-exploring this place.
 F = Levels seen in this place.
 G = Mean time per level.
                   A        B        C        D        E       F      G
               +--------+--------+--------+--------+--------+-----+--------+
         Total |   3267 |   2586 |    681 |      0 |    955 |   6 |  544.5 |
       Dungeon |   3176 |   2584 |    592 |      0 |    955 |   5 |  635.2 |
        Temple |     91 |      2 |     89 |      0 |      0 |   1 |   91.0 |
               +--------+--------+--------+--------+--------+-----+--------+

Top non-repeatable levels by time:
     D:4: 868 daAuts
     D:1: 825 daAuts
     D:2: 671 daAuts
     D:3: 472 daAuts
     D:5: 337 daAuts
  Temple: 91 daAuts
